 Dungeon Crawl Stone Soup version 0.29-a0-582-ge82337ba6a (webtiles) character file.

Game seed: 6811994987313160492

75 bande the Shield-Bearer (level 4, -3/29 HPs)
             Began as a Gargoyle Fighter on June 14, 2022.
             Slain by a gnoll
             ... wielding a +2 halberd of freezing
              (12 damage)
             ... on level 3 of the Dungeon.
             The game lasted 00:02:08 (1832 turns).

bande the Shield-Bearer (Gargoyle Fighter)          Turns: 1832, Time: 00:02:09

Health: -3/29      AC: 13    Str: 19    XL:     4   Next: 31%
Magic:  4/4        EV:  9    Int:  9    God:
Gold:   73         SH:  4    Dex: 11    Spells: 3/3 levels left

rFire   . . .      SeeInvis .   a - +0 war axe
rCold   . . .      Faith    .   c - +0 buckler
rNeg    + . .      Spirit   .   b - +0 scale mail
rPois   ∞          Reflect  .   k - +2 helmet
rElec   +          Harm     .   (no cloak)
rCorr   .          Rampage  .   (no gloves)
Will    .....                   (no boots)
Stlth   ..........              (no amulet)
HPRegen 0.09/turn               (no ring)
MPRegen 0.09/turn               (no ring)

@: no status effects
A: sickness immunity, AC +3, negative energy resistance 1, electricity
resistance, torment resistance 1, petrification resistance
a: no special abilities


You were on level 3 of the Dungeon.
You visited 1 branch of the dungeon, and saw 3 of its levels.

You collected 73 gold pieces.

Inventory:

Hand Weapons
 a - a +0 war axe (weapon)
 m - a +0 flail
Armour
 b - a +0 scale mail (worn)
 c - a +0 buckler (worn)
 k - a +2 helmet (worn)
Scrolls
 e - a scroll of fear
 h - a scroll of fog
 i - a scroll of immolation {unknown}
Potions
 d - a potion of might
 f - a potion of flight {unknown}
 g - a potion of attraction {unknown}
 j - a potion of cancellation {unknown}
 l - a potion of magic {unknown}


   Skills:
 + Level 3.8 Fighting
 + Level 2.7 Axes
 + Level 3.7 Armour
 - Level 1.0 Stealth
 + Level 3.8 Shields


You had 3 spell levels left.
You didn't know any spells.
Your spell library contained the following spells:

 Spells                   Type           Power      Damage    Failure   Level
 Shock                    Conj/Air       0%         1d3       83%         1
 Poisonous Vapours        Pois/Air       0%         N/A       93%         2
 Swiftness                Air            0%         N/A       99%         3
 Airstrike                Air            0%         N/A       100%        4
 Corpse Rot               Necr/Pois/Air  0%         N/A       100%        4


Dungeon Overview and Level Annotations

Branches:
Dungeon (3/15)

Altars:


Innate Abilities, Weirdness & Mutations

You are immune to sickness and miasma.
Your stone body is resilient. (AC +3)
You are immune to poison.
You resist negative energy. (rN+)
You are resistant to electric shocks. (rElec)
You are resistant to unholy torment.
You are immune to petrification.


Message History

HP restored.
m - a +0 flail
There is a stone staircase leading down here.
You see here a bat skeleton.
There is an escape hatch in the floor here.
You see here a +0 club.
There is a stone staircase leading down here.
You climb downwards.
There is a stone staircase leading up here.
A gnoll is nearby!
The gnoll hits you from afar with a +2 halberd of freezing.
The gnoll freezes you. The gnoll hits you but does no damage.
You hit the gnoll but do no damage. You block the gnoll's attack.
The gnoll completely misses you.
The gnoll hits you from afar with a +0 spear.
The gnoll hits you with a +2 halberd of freezing.
The gnoll freezes you.
You slash the gnoll!
The gnoll is severely wounded.
The gnoll barely misses you.
The gnoll hits you with a +2 halberd of freezing.
The gnoll freezes you.
You are too injured to fight recklessly!
You are too injured to fight recklessly!
You are too injured to fight recklessly!
You are too injured to fight recklessly!
You are too injured to fight recklessly!
You are too injured to fight recklessly!
You closely miss the gnoll.
The gnoll is severely wounded.
The gnoll closely misses you. You block the gnoll's attack.
The gnoll hits you but does no damage.
The gnoll hits you with a +2 halberd of freezing.
The gnoll freezes you.
You hit the gnoll.
The gnoll is severely wounded.
The gnoll hits you but does no damage.
The gnoll hits you with a +2 halberd of freezing!
You die...

# #..........#.###
#.#..............#
.###.#.........<....#
.........=$....÷###.#
................#
#.........<#
..##..(.......####.
.........g...........
###........@...######
##......g.####
####...#.# #...#)###
###.....#####
##..#......##
.............##
..##########....#
#....#


You could see 2 gnolls.

Vanquished Creatures
  An adder (D:2)
  2 gnolls (D:2)
  6 bats
  2 endoplasms
  4 goblins
  3 hobgoblins
  7 jackals
  4 kobolds
  3 quokkas (D:1)
  4 ball pythons
  4 frilled lizards
  2 rats
42 creatures vanquished.

Notes
Turn   | Place    | Note
-------+----------+-------------------------------------------
     0 | D:1      | bande the Gargoyle Fighter began the quest for the Orb.
     0 | D:1      | Reached XP level 1. HP: 14/14 MP: 1/1
    54 | D:1      | Reached XP level 2. HP: 14/19 MP: 2/2
   498 | D:1      | Reached XP level 3. HP: 23/23 MP: 3/3
  1572 | D:2      | Reached skill level 1 in Stealth
  1572 | D:2      | Reached XP level 4. HP: 6/29 MP: 4/4
  1832 | D:3      | Slain by a gnoll

Illustrated notes

Levels and vault maps discovered:
D:1:      doesnt_arrival_eight_statues, layout_basic
D:2:      layout_rooms, serial_aquarium, aquarium_bridge_long_joined
          [aquarium_subvault_bridge, aquarium_subvault_balcony,
          aquarium_subvault_bridge, aquarium_subvault_wall,
          aquarium_subvault_bridge, aquarium_subvault_window],
          aquarium_bridge_square [aquarium_subvault_window,
          aquarium_subvault_bridge, aquarium_subvault_wall,
          aquarium_subvault_wall], aquarium_window_1,
          aquarium_window_corridor_2, aquarium_view_4, minivault_11,
          minmay_misc_feat_tiny
D:3:      minmay_diamond_boxcup, layout_rooms

Skill      XL: |  1  2  3 |
---------------+----------+-----
Axes           | 2 |  2.7
Stealth        | 1 |  1.0
Fighting       | |  3.8
Armour         | |  3.7
Shields        | |  3.8

Action                   |  1- 3 |  4- 6 || total
-------------------------+-------+-------++-------
Melee: War axe           |   119 |     9 ||   128
  Use: Scroll            |     3 |       ||     3
Armor: Scale mail        |    92 |     5 ||    97
Dodge: Dodged            |    81 |     7 ||    88
Block: Buckler           |    39 |     2 ||    41

Table legend: (Time is in decaauts)
 A = Elapsed time spent in this place.
 B = Non-inter-level travel time spent in this place.
 C = Inter-level travel time spent in this place.
 D = Time resting spent in this place.
 E = Time spent auto-exploring this place.
 F = Levels seen in this place.
 G = Mean time per level.
                   A        B        C        D        E       F      G
               +--------+--------+--------+--------+--------+-----+--------+
         Total |   1888 |   1888 |      0 |    378 |   1136 |   3 |  629.3 |
       Dungeon |   1888 |   1888 |      0 |    378 |   1136 |   3 |  629.3 |
               +--------+--------+--------+--------+--------+-----+--------+

Top non-repeatable levels by time:
     D:2: 947 daAuts
     D:1: 870 daAuts
     D:3: 70 daAuts
